 Dungeon Crawl Stone Soup version 0.23-a0-473-gc8aadda (webtiles) character file.

535 XanderDroid the Fighter (level 7, -3/63 HPs)
             Began as a Gnoll Wanderer on Nov 27, 2018.
             Slain by an ogre
             ... wielding a +0 giant club
              (22 damage)
             ... on level 4 of the Dungeon.
             The game lasted 00:14:29 (4098 turns).

XanderDroid the Fighter (Gnoll Wanderer)            Turns: 4098, Time: 00:14:30

Health: -3/63      AC:  9    Str: 15    XL:     7   Next: 25%
Magic:  10/10      EV: 10    Int: 17    God:
Gold:   238        SH:  0    Dex: 13    Spells: 10/10 levels left

rFire    . . .     SeeInvis .   a - +0 flail
rCold    . . .     Gourm    .   (no shield)
rNeg     . . .     Faith    .   q - -2 scale mail (curse)
rPois    .         Spirit   .   v - +2 helmet
rElec    .         Reflect  .   (no cloak)
rCorr    .         Harm     .   e - +0 pair of gloves
MR       .....                  (no boots)
Stlth    +.........             (no amulet)
HPRegen  0.20/turn              (no ring)
MPRegen  0.12/turn              (no ring)

@: no status effects
A: distributed training, fangs 1, strong nose
a: no special abilities


You were on level 4 of the Dungeon.
You were not hungry.

You visited 1 branch of the dungeon, and saw 5 of its levels.

You collected 238 gold pieces.

Inventory:

Hand Weapons
 a - a +0 flail (weapon)
 b - a +0 shortbow
Missiles
 c - 75 arrows
Armour
 e - a +0 pair of gloves (worn)
 h - a +0 scale mail
 q - a cursed -2 scale mail (worn)
 v - a +2 helmet (worn)
Wands
 d - a wand of flame (13)
 g - a wand of digging (5)
Scrolls
 k - a scroll of blinking
 m - a scroll of enchant armour {unknown}
 p - a scroll of amnesia
 r - 4 scrolls of teleportation
 s - a scroll of random uselessness {unknown}
 t - a scroll of remove curse {unknown}
 u - a scroll of identify
Potions
 i - a potion of agility
 l - 4 potions of curing
 n - a potion of lignification
 o - a potion of berserk rage
Comestibles
 f - 5 rations


   Skills:
 + Level 8.9 Fighting
 + Level 2.3 Short Blades
 + Level 2.3 Long Blades
 + Level 3.5 Axes
 + Level 5.1 Maces & Flails
 + Level 2.3 Polearms
 + Level 2.3 Staves
 + Level 2.3 Slings
 + Level 2.3 Bows
 + Level 2.3 Crossbows
 + Level 2.3 Throwing
 + Level 3.5 Armour
 + Level 2.3 Dodging
 + Level 2.3 Stealth
 + Level 2.3 Shields
 + Level 2.3 Unarmed Combat
 + Level 2.3 Spellcasting
 + Level 1.9 Conjurations
 + Level 1.9 Hexes
 + Level 1.9 Charms
 + Level 1.9 Summonings
 + Level 1.9 Necromancy
 + Level 1.9 Translocations
 + Level 1.9 Transmutations
 + Level 1.9 Fire Magic
 + Level 1.9 Ice Magic
 + Level 1.9 Air Magic
 + Level 1.9 Earth Magic
 + Level 1.9 Poison Magic
 + Level 2.5 Invocations
 + Level 5.1 Evocations


You had 10 spell levels left.
You didn't know any spells.
Your spell library was empty.

Dungeon Overview and Level Annotations

Branches:
Dungeon (5/15)             Temple (0/1) D:5

Altars:
Elyvilon
Fedhas
Gozag
Hepliaklqana
Qazlal
Sif Muna
Trog
Vehumet
Wu Jian
Xom


Innate Abilities, Weirdness & Mutations

Your experience applies equally to all skills.
You have very sharp teeth.
Your uncanny sense of smell can sniff out nearby items.


Message History

The ogre hits you with a +0 giant club!!
* * * LOW HITPOINT WARNING * * *
You hear the brisk hiss of a very distant avalanche of sand.
A goblin comes into view.
You hear the brisk hiss of a very distant avalanche of sand.
The goblin wields a +0 hunting sling.
The goblin shoots a stone.
The stone hits you but does no damage.
You see here a stone.
There is a stone staircase leading up here.
The ogre closely misses you.
You climb upwards.
There is a stone staircase leading down here.
Evoke which item? (* to show all) (? for menu, Esc to quit)
Aiming: Throw Flame
Press: ? - help, Shift-Dir - straight line, f - ogre
Aim: an ogre, wielding a +0 giant club The puff of flame hits the ogre.
The ogre is moderately wounded.
The ogre hits you with a +0 giant club!!
You die...

##.# #..# #### ##..#
####..###..##
##.........##
#......)..>##
###.........#
#####O....# ##@##### #
##..# ## ##..## .###
#..## ...##### ##.####
.#.....#####.....###
######.....(.......####
# #................# #
#................#


You could see an ogre.

Vanquished Creatures
  A sky beast (D:4)
  A scorpion (D:3)
  2 howler monkeys (D:5)
  A bullfrog zombie (D:5)
  A hound (D:4)
  2 worker ants (D:4)
  An orc wizard (D:3)
  A hound zombie (D:5)
  7 adders
  3 oozes
  An adder skeleton (D:5)
  A worm (D:4)
  5 leopard geckos
  10 orcs
  A ball python (D:1)
  3 giant cockroaches
  3 goblins
  5 hobgoblins
  2 jackals (D:4)
  8 bats
  12 frilled lizards
  5 kobolds
  A leopard gecko skeleton (D:4)
  18 rats
95 creatures vanquished.

Notes
Turn   | Place    | Note
-------+----------+-------------------------------------------
     0 | D:1      | XanderDroid the Gnoll Wanderer began the quest for the Orb.
     0 | D:1      | XanderDroid set off with the following items: a wand of
                  | flame (15), a +0 shortbow, 26 arrows, a +0 mace, a +0 robe,
                  | a ration
     0 | D:1      | Reached XP level 1. HP: 26/26 MP: 3/3
   100 | D:1      | Reached XP level 2. HP: 33/33 MP: 5/5
   428 | D:1      | Reached XP level 3. HP: 33/38 MP: 6/6
   473 | D:2      | Found a faded altar of an unknown god.
   531 | D:2      | Found a hazy altar of Hepliaklqana.
   539 | D:2      | Found an ornate altar of the Wu Jian Council.
   539 | D:2      | Found a radiant altar of Vehumet.
   542 | D:2      | Found a shimmering altar of Xom.
   801 | D:2      | Reached skill level 1 in Invocations
  1240 | D:3      | Found a blossoming altar of Fedhas.
  1265 | D:2      | Reached skill level 1 in Short Blades
  1265 | D:2      | Reached skill level 1 in Long Blades
  1265 | D:2      | Reached skill level 1 in Polearms
  1265 | D:2      | Reached skill level 1 in Staves
  1265 | D:2      | Reached skill level 1 in Slings
  1265 | D:2      | Reached skill level 1 in Bows
  1265 | D:2      | Reached skill level 1 in Crossbows
  1265 | D:2      | Reached skill level 1 in Throwing
  1265 | D:2      | Reached skill level 1 in Dodging
  1265 | D:2      | Reached skill level 1 in Stealth
  1265 | D:2      | Reached skill level 1 in Shields
  1265 | D:2      | Reached skill level 1 in Unarmed Combat
  1265 | D:2      | Reached skill level 1 in Spellcasting
  1265 | D:2      | Reached XP level 4. HP: 41/45 MP: 7/7
  2002 | D:3      | Found an opulent altar of Gozag.
  2064 | D:3      | Reached skill level 1 in Conjurations
  2064 | D:3      | Reached skill level 1 in Hexes
  2064 | D:3      | Reached skill level 1 in Charms
  2064 | D:3      | Reached skill level 1 in Summonings
  2064 | D:3      | Reached skill level 1 in Necromancy
  2064 | D:3      | Reached skill level 1 in Translocations
  2064 | D:3      | Reached skill level 1 in Transmutations
  2064 | D:3      | Reached skill level 1 in Fire Magic
  2064 | D:3      | Reached skill level 1 in Ice Magic
  2064 | D:3      | Reached skill level 1 in Air Magic
  2064 | D:3      | Reached skill level 1 in Earth Magic
  2064 | D:3      | Reached skill level 1 in Poison Magic
  2427 | D:3      | Found a deep blue altar of Sif Muna.
  2549 | D:3      | Reached XP level 5. HP: 47/51 MP: 8/8
  3112 | D:4      | Found a stormy altar of Qazlal.
  3127 | D:4      | Reached XP level 6. HP: 56/57 MP: 9/9
  3524 | D:4      | Found a bloodstained altar of Trog.
  3699 | D:5      | Entered Level 5 of the Dungeon
  3699 | D:5      | Found a white marble altar of Elyvilon.
  3724 | D:5      | Noticed a sky beast
  3760 | D:4      | Killed a sky beast
  3760 | D:4      | Reached skill level 5 in Maces & Flails
  3760 | D:4      | Reached skill level 5 in Evocations
  4000 | D:5      | Reached XP level 7. HP: 47/63 MP: 10/10
  4098 | D:4      | Slain by an ogre

Vault maps used:
D:1:      dpeg_arrival_pits
D:2:      grunt_temple_overflow_open, chequers_ecumenical_altar_simple
D:3:      led_sif_pool, lemuel_crystal_altar, lemuel_crystal_altar
D:4:      grunt_qazlal_clouds, trog_butcher_becter
D:5:      nicolae_ru_great_annihilating_truth, lemuel_crystal_altar,
          minmay_temple_entry_sparse_star, enter_ossuary_1, first_ration,
          minmay_fractal_squares_diagonal_5

Skill      XL: |  1  2  3  4  5  6 |
---------------+-------------------+-----
Invocations    | 1 2 |  2.5
Short Blades   | 1 2 |  2.3
Long Blades    | 1 2 |  2.3
Polearms       | 1 2 |  2.3
Staves         | 1 2 |  2.3
Slings         | 1 2 |  2.3
Bows           | 1 2 |  2.3
Crossbows      | 1 2 |  2.3
Throwing       | 1 2 |  2.3
Dodging        | 1 2 |  2.3
Stealth        | 1 2 |  2.3
Shields        | 1 2 |  2.3
Unarmed Combat | 1 2 |  2.3
Spellcasting   | 1 2 |  2.3
Conjurations   | 1 |  1.9
Hexes          | 1 |  1.9
Charms         | 1 |  1.9
Summonings     | 1 |  1.9
Necromancy     | 1 |  1.9
Translocations | 1 |  1.9
Transmutations | 1 |  1.9
Fire Magic     | 1 |  1.9
Ice Magic      | 1 |  1.9
Air Magic      | 1 |  1.9
Earth Magic    | 1 |  1.9
Poison Magic   | 1 |  1.9
Axes           | 3 |  3.5
Armour         | 3 |  3.5
Maces & Flails | 5 |  5.1
Evocations     | 5 |  5.1
Fighting       | |  8.9

Action                   |  1- 3 |  4- 6 |  7- 9 || total
-------------------------+-------+-------+-------++-------
Melee: Mace              |   105 |    95 |       ||   200
       Bite              |     5 |    12 |     3 ||    20
       Flail             |       |   104 |    25 ||   129
Evoke: Wand              |       |       |     2 ||     2
  Use: Scroll            |     3 |     5 |       ||     8
  Eat: Chunk             |     1 |     8 |       ||     9
       Ration            |       |     1 |       ||     1
Armor: Leather armour    |    35 |       |       ||    35
       Robe              |     1 |       |       ||     1
       Scale mail        |    19 |   125 |     8 ||   152
Dodge: Dodged            |    91 |   122 |    12 ||   225

Table legend:
 A = Non-vault XP
 B = Vault XP
 C = Vault XP percentage of total XP
 D = Non-vault monster count
 E = Vault monster count
 F = Vault count percentage of total count
                 A         B        C        D         E       F
            +---------+---------+-------+---------+---------+-------
      Total |     571 |     194 |  25.4 |      84 |      11 |  11.6
            +---------+---------+-------+---------+---------+-------
        D:1 |      37 |       0 |   0.0 |      20 |       0 |   0.0
        D:2 |      58 |       0 |   0.0 |      21 |       0 |   0.0
        D:3 |     170 |       0 |   0.0 |      23 |       0 |   0.0
        D:4 |     298 |       8 |   2.6 |      18 |       4 |  18.2
        D:5 |       8 |     186 |  95.9 |       2 |       7 |  77.8
            +---------+---------+-------+---------+---------+-------
